 Dungeon Crawl Stone Soup version 0.30.1-11-g7821555f0a (webtiles) character file.

Game seed: 15119526919183631861

56 safid the Conjurer (level 3, 0/18 (22) HPs)
             Began as a Gargoyle Reaver on Dec 7, 2023.
             Killed by nerve-wracking pain
             ... invoked by Grinder
              (4 damage)
             ... on level 3 of the Dungeon.
             The game lasted 00:02:14 (1222 turns).

safid the Conjurer (Gargoyle Reaver)                Turns: 1222, Time: 00:02:14

HP:   0/18 (22)     AC:  9    Str: 17    XL:     3   Next: 97%
MP:   5/6           EV: 11    Int: 13    God:
Gold: 103           SH:  0    Dex:  8    Spells: 2/7 levels left

rFire   . . .        a - +0 mace
rCold   . . .        (no shield)
rNeg    + . .        b - +0 leather armour
rPois   ∞            (no helmet)
rElec   +            (no cloak)
rCorr   .            d - +2 pair of gloves
SInv    .            (no boots)
Will    .....        (no amulet)
Stlth   +            (no ring)
HPRegen 0.23/turn    (no ring)
MPRegen 0.10/turn

%: no passive effects
@: heavily drained
A: sickness immunity, AC +3, negative energy resistance 1, electricity
resistance, torment resistance 1, petrification resistance
a: no special abilities


You were on level 3 of the Dungeon.
You visited 1 branch of the dungeon, and saw 3 of its levels.

You collected 103 gold pieces.

Inventory:

Hand Weapons
 a - a +0 mace (weapon)
Armour
 b - a +0 leather armour (worn)
 d - a +2 pair of gloves (worn)
Scrolls
 e - a scroll of enchant weapon {unknown}
 f - 2 scrolls of fog {unknown}
 g - a scroll of identify {unknown}
 j - a scroll of summoning {unknown}
 l - a scroll of magic mapping {unknown}
 m - a scroll of noise {unknown}
Potions
 c - a potion of resistance {unknown}
 h - a potion of degeneration {unknown}
 i - a potion of brilliance {unknown}
 k - a potion of curing {unknown}


   Skills:
 + Level 2.8 Fighting
 + Level 3.4 Maces & Flails
 + Level 1.2 Armour
 - Level 1.5 Dodging
 + Level 2.5 Spellcasting
 + Level 3.7 Conjurations


You had 2 spell levels left.
You knew the following spells:

 Your Spells              Type           Power      Damage    Failure   Level
a - Kiss of Death         Conj/Necr      24%        2d7       13%         1
b - Momentum Strike       Conj/Tloc      12%        3d8       21%         2
c - Blink                 Tloc           2%         N/A       41%         2

Your spell library contained the following spells:

 Spells                   Type           Power      Damage    Failure   Level
 Hailstorm                Conj/Ice       6%         3d4       36%         3
 Manifold Assault         Tloc           1%         N/A       96%         4
 Storm Form               Tmut/Air       0%         N/A       100%        7


Dungeon Overview and Level Annotations

Branches:
Dungeon (3/15)

Altars:

Annotations:
D:3 Grinder


Innate Abilities, Weirdness & Mutations

You are immune to sickness and miasma.
Your stone body is resilient. (AC +3)
You are immune to poison.
You resist negative energy. (rN+)
You are resistant to electric shocks. (rElec)
You are resistant to unholy torment.
You are immune to petrification.


Message History

Unknown command.
Unknown command.
Unknown command.
Unknown command.
Unknown command.
Unknown command.
Unknown command.
Unknown command.
Unknown command.
You completely miss Grinder.
Grinder is heavily wounded.
The ball python barely misses you. The ball python constricts you.
Grinder blinks!
Unknown command.
Unknown command.
Unknown command.
Unknown command.
You hit the ball python but do no damage.
The ball python bites you but does no damage.
The ball python constricts you.
Grinder blinks!
The ball python barely misses you. The ball python constricts you.
Unknown command.
You closely miss the ball python.
The ball python bites you but does no damage.
The ball python constricts you.
Unknown command.
You closely miss the ball python.
The ball python bites you but does no damage.
The ball python constricts you.
You hit the ball python but do no damage.
The ball python bites you but does no damage.
The ball python constricts you.
* * * LOW HITPOINT WARNING * * *
The ball python barely misses you. The ball python constricts you.
You hit the ball python.
You kill the ball python!
Grinder blinks!
Grinder gestures at you. Pain shoots through your body!
You die...

...# ...#
...# ...#
...# #
...#$..
#####.....#
#...@.#
#..5#####
... #


You could see Grinder.

Vanquished Creatures
  2 adders (D:2)
  A worm (D:2)
  A dart slug (D:2)
  4 endoplasms (D:2)
  2 giant cockroaches
  2 hobgoblins (D:2)
  4 ball pythons
  4 frilled lizards
  4 goblins
  3 kobolds (D:1)
  9 rats
36 creatures vanquished.

Notes
Turn   | Place    | Note
-------+----------+-------------------------------------------
     0 | D:1      | safid the Gargoyle Reaver began the quest for the Orb.
     0 | D:1      | Reached XP level 1. HP: 12/12 MP: 3/3
   255 | D:1      | Reached XP level 2. HP: 18/18 MP: 5/5
   815 | D:2      | Reached XP level 3. HP: 22/22 MP: 6/6
   982 | D:2      | Reached skill level 1 in Armour
  1029 | D:2      | Learned a level 2 spell: Momentum Strike
  1032 | D:2      | Learned a level 2 spell: Blink
  1210 | D:3      | Noticed Grinder
  1222 | D:3      | Killed from afar by Grinder

Illustrated notes

Levels and vault maps discovered:
D:1:      dpeg_arrival_arbitrary_a, layout_loops_ring, minmay_statues_item
D:2:      layout_basic
D:3:      layout_rooms, overflow_temple_1_default, general_overflow_altar,
          serial_shops, nicolae_shop_rolling_square, uniq_natasha, uniq_grinder

Skill      XL: |  1  2  3 |
---------------+----------+-----
Armour         | 1 |  1.2
Fighting       | |  2.8
Maces & Flails | |  3.4
Dodging        | |  1.5
Spellcasting   | |  2.5
Conjurations   | |  3.7

Action                     || total
---------------------------++-------
  Melee: Mace              ||   116
         Punch             ||     1
   Cast: Kiss of Death     ||     1
         Momentum Strike   ||     1
 Armour: Leather armour    ||    46
  Dodge: Dodged            ||    80
